 Dungeon Crawl Stone Soup version 0.20.0-15-g7f486f2 (webtiles) character file.

117057 vishdafish the Cleaver (level 16, -9/86 HPs)
             Began as a Vine Stalker Fighter on June 26, 2017.
             Was the Champion of Makhleb.
             Mangled by a tarantella (14 damage)
             ... on level 4 of the Spider Nest.
             The game lasted 01:06:26 (21222 turns).

vishdafish the Cleaver (Vine Stalker Fighter)      Turns: 21222, Time: 01:06:27

Health: -9/86      AC: 21    Str: 22    XL:     16   Next: 73%
Magic:  0/25       EV: 14    Int: 11    God:    Makhleb [******]
Gold:   2403       SH:  0    Dex: 22    Spells: 15/15 levels left

rFire    . . .     SeeInvis .   B - +5 war axe "Jixkitz" {freeze, rElec Str-3 Int+3 Dex+2}
rCold    . . .     Gourm    .   c - +0 shield
rNeg     . . .     Faith    .   m - +3 chain mail {rPois}
rPois    +         Spirit   +   b - +1 hat
rElec    +         Reflect  +   E - +1 cloak
rCorr    .         Harm     .   (no gloves)
MR       ++...                  n - +1 pair of boots
Stlth    ..........             W - +3 amulet of reflection
Regen    1.1/turn               d - ring of poison resistance
MPRegen  0.2/turn               V - +5 ring of dexterity

@: confused
A: fangs 3, regeneration 2, magic shield, antimagic bite, no potion heal 3, rot
immunity
a: Minor Destruction, Lesser Servant of Makhleb, Major Destruction, Greater
Servant of Makhleb, Renounce Religion


You were on level 4 of the Spider Nest.
You worshipped Makhleb.
Makhleb was exalted by your worship.
You were full.

You visited 5 branches of the dungeon, and saw 27 of its levels.
You also visited: Ossuary.

You collected 2403 gold pieces.

Inventory:

Hand Weapons
 B - the +5 war axe "Jixkitz" (weapon) {freeze, rElec Str-3 Int+3 Dex+2}
   (You found it on level 4 of the Dungeon)

   It has been specially enchanted to freeze those struck by it, causing extra
   injury to most foes and up to half again as much damage against particularly
   susceptible opponents.
   It can also slow down cold-blooded creatures.
   It affects your strength (-3).
   It affects your intelligence (+3).
   It affects your dexterity (+2).
   It insulates you from electricity.
 R - a +0 demon whip of flaming
Armour
 b - a +1 hat (worn)
 c - a +0 shield (worn)
 m - a +3 chain mail of poison resistance (worn)
 n - a +1 pair of boots (worn)
 E - a +1 cloak (worn)
 S - a +0 crystal plate armour
Jewellery
 d - a ring of poison resistance (left hand)
 V - a +5 ring of dexterity (right hand)
 W - a +3 amulet of reflection (around neck)
 Y - an uncursed amulet of the gourmand
Wands
 C - a wand of digging (13/24)
Scrolls
 e - 15 scrolls of remove curse
 i - 5 scrolls of identify
 j - 5 scrolls of fear
 k - a scroll of acquirement
 l - 16 scrolls of teleportation
 o - 6 scrolls of enchant weapon
 p - 3 scrolls of amnesia
 q - 2 scrolls of magic mapping
 t - 2 scrolls of blinking
 v - a scroll of brand weapon
 w - 2 scrolls of immolation
 D - a scroll of torment
 J - 3 scrolls of summoning
 M - a scroll of vulnerability
 N - 4 scrolls of fog
 U - a scroll of recharging
Potions
 a - 2 potions of resistance
 h - 4 potions of ambrosia
 s - 8 potions of mutation
 x - 6 potions of agility
 z - 4 potions of haste
 A - 2 potions of berserk rage
 F - 2 potions of magic
 G - 3 potions of invisibility
 H - 4 potions of flight
 I - 2 potions of cancellation
 K - 2 potions of might
 Q - 2 potions of brilliance
 Z - 13 potions of curing
Books
 y - a Young Poisoner's Handbook

   Spells                             Type                      Level
   a - Sting                          Conjuration/Poison           1
   b - Poisonous Vapours              Poison/Air                   2
   c - Mephitic Cloud                 Conjuration/Poison/Air       3
   d - Olgreb's Toxic Radiance        Poison                       4
   e - Venom Bolt                     Conjuration/Poison           5
 L - a book of Debilitation

   Spells                             Type                      Level
   a - Corona                         Hexes                        1
   b - Slow                           Hexes                        2
   c - Inner Flame                    Hexes/Fire                   3
   d - Portal Projectile              Hexes/Translocation          3
   e - Cause Fear                     Hexes                        4
   f - Leda's Liquefaction            Hexes/Earth                  4
 O - a book of Conjurations

   Spells                             Type                      Level
   a - Magic Dart                     Conjuration                  1
   b - Searing Ray                    Conjuration                  2
   c - Dazzling Spray                 Conjuration/Hexes            3
   d - Fulminant Prism                Conjuration/Hexes            4
   e - Force Lance                    Conjuration/Translocation    4
   f - Iskenderun's Mystic Blast      Conjuration                  4
 P - a book of Misfortune

   Spells                             Type                      Level
   a - Confusing Touch                Hexes                        1
   b - Confuse                        Hexes                        3
   c - Gell's Gravitas                Translocation                3
   d - Petrify                        Transmutation/Earth          4
   e - Metabolic Englaciation         Hexes/Ice                    5
   f - Yara's Violent Unravelling     Hexes/Transmutation          5
 T - a book of Battle

   Spells                             Type                      Level
   a - Infusion                       Charms                       1
   b - Shroud of Golubria             Charms/Translocation         2
   c - Song of Slaying                Charms                       2
   d - Spectral Weapon                Hexes/Charms                 3
   e - Regeneration                   Charms/Necromancy            3
 X - a book of Summonings

   Spells                             Type                      Level
   a - Recall                         Summoning/Translocation      3
   b - Aura of Abjuration             Summoning                    5
   c - Summon Demon                   Summoning                    5
   d - Summon Forest                  Summoning/Translocation      5
   e - Summon Mana Viper              Hexes/Summoning              5
   f - Shadow Creatures               Summoning                    6
Comestibles
 f - 17 bread rations
 g - 2 meat rations
 r - 15 fruits
 u - 3 royal jellies


   Skills:
 + Level 10.5 Fighting
 * Level 13.9 Axes
 * Level 11.9 Armour
 + Level 9.3 Dodging
 - Level 1.0 Stealth
 + Level 10.3 Shields
 * Level 10.8 Invocations


You had 15 spell levels left.
You didn't know any spells.

Dungeon Overview and Level Annotations

Branches:
Dungeon (14/15)            Temple (1/1) D:4            Lair (6/6) D:9
 Shoals (0/4) Lair:2       Spider (4/4) Lair:4        Slime (0/5) Lair:5
    Orc (2/2) D:10            Elf (0/3) Orc:2        Vaults (0/5) D:13

Altars:
Ashenzari
Cheibriados
Dithmenos
Elyvilon
Fedhas
Gozag
Hepliaklqana
Kikubaaqudgha
Makhleb
Nemelex Xobeh
Okawaru
Qazlal
Ru
Sif Muna
Trog
Uskayaw
Vehumet
Xom
Yredelemnul
Zin
The Shining One

Shops:
D:10 =   Orc:2 %*[(

Annotations:
D:5 exclusion: oklob plant
D:14 Snorg


Innate Abilities, Weirdness & Mutations

You have razor-sharp teeth.
You heal very quickly.
When hurt, damage is shared between your health and your magic reserves.
Your bite disrupts and absorbs the magic of your enemies.
Potions cannot restore your health.
You are immune to rotting.


Message History

The jumping spider bites you but does no damage.
The tarantella bites you but does no damage.
The redback bites you.
* * * LOW HITPOINT WARNING * * *
The tarantella bites you.
* * * LOW HITPOINT WARNING * * *
Okay, then.
Okay, then.
You're too confused!
Okay, then.
You hit the tarantella. You freeze the tarantella. You bite the tarantella.
You drain its power.
You feel invigorated.
The tarantella is moderately wounded.
Your shield and chain mail prevent you from hitting the redback.
You slash the tarantella! You freeze the tarantella. You hit the redback.
You freeze the redback. You miss the jumping spider.
The redback closely misses you. The jumping spider closely misses you.
The jumping spider bites you but does no damage.
The redback misses you. The tarantella bites you!!
You die...

#^........##....
##........<#<....
#................
#..^.............
##...s..^......... .
#...s..........^.. ..
#........^^.......
#≈###.ss..............
.##...+.@sy..^......^...
sss...+.ss..............
......+.....†........^§.
s..≈###....†............
.s≈ #^............... .
#^....<.........
##...†..........
#^.............
#..............


You could see a demonic crawler, a moth of wrath, an orb spider, a jumping
spider (berserk), 2 tarantellas and 2 redbacks.

Vanquished Creatures
  Arachne (Spider:3)
  Asterion (Spider:1)
  An emperor scorpion (Spider:2)
  The ghost of Quirk the Severer, an adept DsFi of Okawaru (Spider:3)
  2 entropy weavers
  A spark wasp (Spider:3)
  Josephine (Spider:1)
  Erolcha (D:10)
  6 hydras
  8 vault guards
  Erica (D:10)
  A centaur warrior (D:13)
  4 two-headed ogres
  5 orc high priests (Orc:2)
  11 death yaks
  3 unseen horrors
  A deep troll (D:10)
  Pikel (D:6)
  A necromancer (Lair:5)
  8 orc knights
  14 wolf spiders
  8 orb spiders
  4 ugly things
  5 moths of wrath
  6 black mambas
  Maurice (D:10)
  A centaur zombie (D:13)
  An eye of devastation (Lair:5)
  13 spiny frogs
  A gargoyle (D:10)
  2 rime drakes
  A redback zombie (D:13)
  7 demonic crawlers
  7 komodo dragons
  4 trolls
  4 polar bears (Lair:6)
  20 jumping spiders
  9 hornets
  4 hippogriffs
  6 dream sheep
  12 blink frogs
  7 slime creatures
  A shadow (D:8)
  32 redbacks
  4 hogs (D:7)
  24 tarantellas
  3 wraiths (Spider:1)
  12 spriggans (Lair:6)
  5 wyverns
  4 basilisks
  67 yaks
  A human (D:7)
  2 hungry ghosts
  A steam dragon (D:10)
  2 acid dragons (D:13)
  5 wargs
  14 water moccasins
  13 porcupines
  33 orc warriors
  5 black bears
  An eye of draining (Lair:5)
  7 ogres
  A necrophage (D:10)
  3 sky beasts
  3 phantoms
  5 ice beasts
  23 wolves
  4 boggarts (Lair:6)
  9 centaurs
  8 crocodiles
  12 bullfrogs
  2 elf zombies (Ossuary)
  3 big kobolds
  A scorpion (D:7)
  A wyvern skeleton (D:10)
  7 wights
  10 killer bees
  A howler monkey (D:5)
  An electric eel (Lair:1)
  4 crimson imps
  2 bullfrog zombies
  3 bullfrog skeletons
  25 orc priests
  3 hounds
  2 human zombies (Ossuary)
  4 jellies
  19 orc wizards
  3 centaur skeletons
  Ijyb (D:4)
  7 worker ants
  Natasha (thrice) (D:2)
  An iguana (D:4)
  A polar bear simulacrum (Lair:5)
  4 yak simulacra (Lair:5)
  A wolf simulacrum (Lair:5)
  3 hound skeletons
  2 mummies (Ossuary)
  2 worker ant zombies
  Robin (D:4)
  4 gnolls (D:9)
  12 adders
  A howler monkey skeleton (D:6)
  2 shadow imps (D:5)
  2 oozes (D:1)
  3 adder zombies (Ossuary)
  3 adder skeletons
  4 worms
  3 dart slugs
  5 leopard geckos
  85 orcs
  5 ball pythons
  7 giant cockroaches
  11 goblins
  15 hobgoblins
  14 jackals
  27 kobolds
  4 quokkas
  2 bats
  5 frilled lizards
  A goblin zombie (Ossuary)
  9 hobgoblin zombies (Ossuary)
  2 jackal zombies (Ossuary)
  10 kobold zombies (Ossuary)
  2 leopard gecko skeletons
  A leopard gecko zombie (D:7)
  8 orc zombies (Ossuary)
  5 rats
  5 river rat simulacra (Lair:5)
  8 fungi
882 creatures vanquished.

Vanquished Creatures (collateral kills)
  An orb spider (Spider:1)
  3 jumping spiders (Spider:3)
4 creatures vanquished.

Vanquished Creatures (others)
  An orc (Orc:1)
  4 fungi
  2 plants
  15 toadstools (D:5)
22 creatures vanquished.

Grand Total: 908 creatures vanquished

Notes
Turn   | Place    | Note
-------+----------+-------------------------------------------
     0 | D:1      | vishdafish the Vine Stalker Fighter began the quest for the Orb.
     0 | D:1      | Reached XP level 1. HP: 11/11 MP: 2/2
   107 | D:1      | Reached XP level 2. HP: 12/16 MP: 3/3
   235 | D:1      | Reached XP level 3. HP: 11/20 MP: 4/4
   459 | D:1      | Reached skill level 2 in Axes
   924 | D:2      | Gained mutation: Your natural rate of healing is unusually fast. [Vine Stalker growth]
   924 | D:2      | Reached XP level 4. HP: 11/24 MP: 3/5
  1303 | D:2      | Noticed Natasha
  1311 | D:2      | Killed Natasha
  1464 | D:2      | Noticed Natasha
  1469 | D:2      | Killed Natasha
  1469 | D:2      | Reached XP level 5. HP: 21/28 MP: 6/6
  1591 | D:2      | Noticed Natasha
  1598 | D:2      | Killed Natasha
  1598 | D:2      | Reached skill level 3 in Axes
  1598 | D:2      | Reached skill level 1 in Stealth
  1744 | D:3      | Found a faded altar of an unknown god.
  1849 | D:3      | Found a stormy altar of Qazlal.
  2144 | D:3      | Reached XP level 6. HP: 30/32 MP: 7/7
  2274 | D:3      | Noticed a sky beast
  2279 | D:3      | Reached skill level 1 in Dodging
  2295 | D:3      | Killed a sky beast
  2544 | D:3      | Reached XP level 7. HP: 23/37 MP: 8/8
  2575 | D:4      | Reached skill level 4 in Axes
  2601 | D:4      | Noticed Ijyb
  2616 | D:4      | Killed Ijyb
  2674 | D:4      | Found a snail-covered altar of Cheibriados.
  2687 | D:4      | Got a shimmering war axe
  2688 | D:4      | Identified the +5 war axe "Jixkitz" {freeze, rElec Str-3 Int+3 Dex+2} (You found it on level 4 of the Dungeon)
  3174 | D:4      | Noticed Robin
  3184 | D:4      | Killed Robin
  3188 | D:4      | Found a staircase to the Ecumenical Temple.
  3201 | Temple   | Entered the Ecumenical Temple
  3236 | Temple   | Became a worshipper of Makhleb the Destroyer
  3434 | D:4      | Found an iron altar of Okawaru.
  3474 | D:5      | Entered Level 5 of the Dungeon
  3524 | D:5      | Found a blossoming altar of Fedhas.
  3536 | D:5      | Noticed an oklob plant
  3852 | D:5      | Gained mutation: You have razor-sharp teeth. [Vine Stalker growth]
  3852 | D:5      | Reached XP level 8. HP: 32/42 MP: 9/9
  3883 | D:5      | Found a bloodstained altar of Trog.
  3981 | D:5      | Reached skill level 5 in Axes
  5013 | D:6      | Reached * piety under Makhleb
  5094 | D:6      | Noticed Pikel
  5100 | D:6      | Killed Pikel
  5100 | D:6      | Reached skill level 5 in Fighting
  5100 | D:6      | Reached skill level 6 in Axes
  5100 | D:6      | Reached XP level 9. HP: 36/47 MP: 7/10
  5230 | D:6      | Reached skill level 5 in Shields
  5732 | D:6      | Reached skill level 5 in Armour
  5742 | D:6      | Reached ** piety under Makhleb
  5852 | D:7      | Found a sand-covered staircase.
  5864 | Ossuary  | Entered an ossuary
  5986 | Ossuary  | Reached *** piety under Makhleb
  6154 | D:7      | Reached skill level 7 in Axes
  6169 | D:7      | Killed an unseen horror
  6222 | D:7      | Reached XP level 10. HP: 53/53 MP: 11/11
  6346 | D:7      | Found a sacrificial altar of Ru.
  6473 | D:7      | Found a shimmering altar of Xom.
  6482 | D:7      | Reached skill level 8 in Axes
  6483 | D:7      | Found a white marble altar of Elyvilon.
  6484 | D:7      | Found a shadowy altar of Dithmenos.
  6484 | D:7      | Found a radiant altar of Vehumet.
  6485 | D:7      | Found an ancient bone altar of Kikubaaqudgha.
  6759 | D:8      | Noticed a two-headed ogre
  6768 | D:8      | HP: 2/53 [two-headed ogre/giant spiked club (5)]
  6770 | D:8      | Killed a two-headed ogre
  6770 | D:8      | Reached skill level 5 in Dodging
  7024 | D:8      | Noticed an eight-headed hydra
  7147 | D:9      | Reached **** piety under Makhleb
  7212 | D:9      | Found a stormy altar of Qazlal.
  7221 | D:9      | Found a basalt altar of Yredelemnul.
  7286 | D:9      | Reached XP level 11. HP: 34/58 MP: 12/12
  7435 | D:9      | Reached skill level 9 in Axes
  7456 | D:9      | Found a staircase to the Lair.
  7497 | D:9      | Paralysed by a hornet for 2 turns
  7767 | D:9      | Found a snail-covered altar of Cheibriados.
  8061 | D:9      | Noticed a two-headed ogre
  8073 | D:9      | Killed a two-headed ogre
  8238 | D:10     | Entered Level 10 of the Dungeon
  8247 | D:10     | Reached ***** piety under Makhleb
  8371 | D:10     | Noticed Erolcha
  8388 | D:10     | Killed Erolcha
  8403 | D:10     | Found Vainymam's Jewellery Shop.
  8539 | D:10     | Found a staircase to the Orcish Mines.
  8764 | D:10     | Noticed a two-headed ogre
  8772 | D:10     | Killed a two-headed ogre
  8825 | D:10     | Noticed Maurice
  8835 | D:10     | Killed Maurice
  8849 | D:10     | Noticed Erica
  8851 | D:10     | Noticed a deep troll
  8855 | D:10     | Reached skill level 10 in Axes
  8866 | D:10     | Killed a deep troll
  8876 | D:10     | Killed Erica
  8876 | D:10     | Gained mutation: You heal very quickly. [Vine Stalker growth]
  8876 | D:10     | Reached XP level 12. HP: 57/64 MP: 13/13
  9672 | D:12     | Noticed a two-headed ogre
  9678 | D:12     | Killed a two-headed ogre
  9678 | D:12     | Reached skill level 1 in Invocations
  9782 | D:12     | Found a sacrificial altar of Ru.
 10317 | D:13     | Found a gate to the Vaults.
 10317 | D:13     | Noticed a vault guard
 10317 | D:13     | Noticed a vault guard
 10317 | D:13     | Noticed a vault guard
 10317 | D:13     | Noticed a vault guard
 10317 | D:13     | Noticed a vault guard
 10318 | D:13     | Noticed a vault guard
 10320 | D:13     | Noticed a vault guard
 10320 | D:13     | Noticed a vault guard
 10340 | D:12     | Killed a vault guard
 10365 | D:12     | Killed a vault guard
 10381 | D:12     | Killed a vault guard
 10385 | D:12     | Killed a vault guard
 10516 | D:13     | Killed a vault guard
 10584 | D:12     | Killed a vault guard
 10607 | D:12     | Killed a vault guard
 10607 | D:12     | Reached skill level 11 in Axes
 10607 | D:12     | Reached XP level 13. HP: 49/69 MP: 17/17
 10614 | D:12     | Killed a vault guard
 11513 | D:14     | Noticed Snorg
 11718 | Lair:1   | Entered Level 1 of the Lair of Beasts
 11730 | Lair:1   | Reached skill level 5 in Invocations
 11794 | Lair:1   | Identified a scroll of acquirement
 11880 | Lair:1   | Reached ****** piety under Makhleb
 12406 | Lair:2   | Found a staircase to the Shoals.
 12906 | Lair:2   | Reached XP level 14. HP: 75/75 MP: 19/19
 13215 | Lair:3   | Reached skill level 12 in Axes
 13515 | Lair:4   | Found a hole to the Spider Nest.
 13837 | Lair:4   | Reached skill level 10 in Armour
 14778 | Lair:5   | Found a staircase to the Slime Pits.
 15400 | Lair:6   | Entered Level 6 of the Lair of Beasts
 15745 | Lair:6   | Reached XP level 15. HP: 79/79 MP: 22/22
 16419 | Lair:6   | Reached skill level 13 in Axes
 16696 | Orc:1    | Entered Level 1 of the Orcish Mines
 16951 | Orc:2    | Entered Level 2 of the Orcish Mines
 17007 | Orc:2    | Found a staircase to the Elven Halls.
 17942 | Orc:2    | Reached skill level 10 in Fighting
 18028 | Orc:2    | Found Julak's Weapon Boutique.
 18031 | Orc:2    | Found Duopnuj's Armour Boutique.
 18033 | Orc:2    | Found Uten's General Store.
 18034 | Orc:2    | Found Kuhoitin's Food Boutique.
 18238 | Spider:1 | Entered Level 1 of the Spider Nest
 18248 | Spider:1 | Noticed Josephine
 18258 | Spider:1 | Killed Josephine
 18467 | Spider:1 | Noticed Asterion
 18486 | Spider:1 | Killed Asterion
 18638 | Spider:1 | Reached skill level 10 in Shields
 18875 | Spider:1 | Reached XP level 16. HP: 85/85 MP: 24/24
 19212 | Spider:1 | Reached skill level 10 in Invocations
 20210 | Spider:3 | Noticed Quirk's ghost (adept DsFi)
 20213 | Spider:3 | Noticed Arachne
 20237 | Spider:3 | Killed Quirk's ghost
 20243 | Spider:3 | Killed Arachne
 20925 | Spider:4 | Entered Level 4 of the Spider Nest
 21221 | Spider:4 | HP: 4/86 [tarantella (4)]
 21222 | Spider:4 | Mangled by a tarantella

Skill      XL: |  1  2  3  4  5  6  7  8  9 10 11 12 13 14 15 16 |
---------------+-------------------------------------------------+-----
Fighting       | 3 4 5 6 7 8 9 10 | 10.5
Shields        | 3 4 5 6 7 8 9 10 | 10.3
Axes           | 2 3 4 6 7 8 10 11 12 13 | 13.9
Armour         | 3 4 5 6 7 8 9 10 11 | 11.9
Stealth        | 1 |  1.0
Dodging        | 1 2 3 4 5 6 7 8 9 |  9.3
Invocations    | 4 6 8 9 10 | 10.8

Action                   |  1- 3 |  4- 6 |  7- 9 | 10-12 | 13-15 | 16-18 || total
-------------------------+-------+-------+-------+-------+-------+-------++-------
Melee: War axe           |    84 |   145 |   277 |   545 |  1165 |   404 ||  2620
       Bite              |    22 |    35 |    93 |   219 |   571 |   187 ||  1127
       Demon whip        |       |       |       |       |    51 |       ||    51
Invok: Greater Servant o |       |       |       |       |     1 |     1 ||     2
Evoke: Wand              |       |       |       |     4 |       |       ||     4
  Use: Scroll            |       |       |    11 |    11 |    10 |     1 ||    33
       Potion            |       |       |     1 |       |     1 |     1 ||     3
 Stab: Sleeping          |       |       |     3 |     1 |     5 |       ||     9
       Distracted        |       |       |       |       |     2 |     2 ||     4
  Eat: Chunk             |       |     4 |     3 |     2 |     7 |     1 ||    17
       Royal jelly       |       |     1 |     1 |     1 |       |       ||     3
       Meat ration       |       |       |     1 |     3 |     4 |     2 ||    10
       Bread ration      |       |       |     1 |       |       |       ||     1
Armor: Scale mail        |    30 |    39 |       |       |       |       ||    69
       Ring mail         |       |    30 |    87 |   134 |   226 |       ||   477
       Chain mail        |       |       |       |       |    22 |   253 ||   275
Dodge: Dodged            |    33 |    47 |    89 |   227 |   573 |   305 ||  1274
Block: Shield            |    47 |    66 |   120 |   289 |   941 |   384 ||  1847
       Reflection        |       |       |       |     6 |    21 |     1 ||    28
